 Dungeon Crawl Stone Soup version 0.28-a0-1415-g7c84da036a (webtiles) character file.

Game seed: 13086670033804750006

1703 AbsoluteStateOfPlay the Cleaver (level 8, -11/71 HPs)
             Began as a Minotaur Berserker on Jan 7, 2022.
             Was a Priest of Trog.
             Killed from afar by a gargoyle (18 damage)
             ... with a stone arrow
             ... on level 6 of the Dungeon.
             The game lasted 00:14:38 (6106 turns).

AbsoluteStateOfPlay the Cleaver (MiBe)              Turns: 6106, Time: 00:14:41

Health: -11/71     AC: 11    Str: 24    XL:     8   Next: 73%
Magic:  16/16      EV:  9    Int:  4    God:    Trog [***...]
Gold:   300        SH:  0    Dex: 10    Spells: 7/7 levels left

rFire   + + .      SeeInvis .   b - +6 spear of Koacuw {spect, +Blink rElec MP+9}
rCold   . . .      Faith    .   (no shield)
rNeg    . . .      Spirit   .   A - +0 chain mail
rPois   .          Reflect  .   (helmet restricted)
rElec   +          Harm     .   (no cloak)
rCorr   .          Rampage  .   d - +0 pair of gloves
Will    ++...                   (no boots)
Stlth   ..........              (no amulet)
HPRegen 1.21/turn               q - ring of protection from fire
MPRegen 0.15/turn               r - ring of protection from fire

@: strong-willed, regenerating
A: horns 2, retaliatory headbutt
a: Renounce Religion, Evoke Blink, Berserk, Trog's Hand


You were on level 6 of the Dungeon.
You worshipped Trog.
Trog was most pleased with you.
You visited 1 branch of the dungeon, and saw 6 of its levels.

You collected 300 gold pieces.

Inventory:

Hand Weapons
 a - a +0 war axe
 b - the +6 spear of Koacuw (weapon) {spect, +Blink rElec MP+9}
   (You found it on level 5 of the Dungeon)

   When its wielder attacks, the weapon's spirit leaps out and strikes again.
   The spirit shares a part of any damage it takes with its wielder.
   rElec:     It insulates you from electricity.
   MP:        It affects your magic capacity (+9).
   +Blink:    It lets you blink.
Missiles
 n - 30 poisoned darts (quivered)
 x - 3 silver boomerangs
Armour
 d - a +0 pair of gloves (worn)
 A - a +0 chain mail (worn)
Jewellery
 q - a ring of protection from fire (left hand)
 r - a ring of protection from fire (right hand)
Wands
 v - a wand of paralysis (9)
Scrolls
 e - 3 scrolls of teleportation {unknown}
 f - 3 scrolls of enchant armour {unknown}
 g - 3 scrolls of fog {unknown}
 h - 2 scrolls of blinking {unknown}
 j - 4 scrolls of identify {unknown}
 k - 2 scrolls of fear {unknown}
 m - 2 scrolls of immolation {unknown}
 u - 4 scrolls of noise {unknown}
Potions
 c - a potion of magic {unknown}
 i - 3 potions of curing {unknown}
 l - a potion of attraction {unknown}
 o - a potion of might {unknown}
 p - 2 potions of heal wounds {unknown}
 s - 2 potions of invisibility {unknown}
 t - a potion of ambrosia {unknown}
 w - 2 potions of flight {unknown}
 y - a potion of lignification {unknown}
 z - a potion of haste {unknown}
 B - a potion of cancellation {unknown}
 C - a potion of degeneration {unknown}


   Skills:
 + Level 6.3 Fighting
 - Level 8.1 Axes
 + Level 0.8(5.1) Polearms
 + Level 5.6 Armour
 + Level 5.1 Dodging
 - Level 5.0 Evocations


You had 7 spell levels left.
You didn't know any spells.
Your spell library contained the following spells:

 Spells                   Type           Power      Damage    Failure   Level
 Animate Skeleton         Necr           0%         N/A       98%         1
 Magic Dart               Conj           0%         1d3       98%         1
 Pain                     Necr           0%         1d4       98%         1
 Call Imp                 Summ           0%         N/A       99%         2
 Mephitic Cloud           Conj/Pois/Air  0%         N/A       100%        3
 Vampiric Draining        Necr           0%         2d6       100%        3
 Summon Lightning Spire   Summ/Air       0%         N/A       100%        4
 Storm Form               Tmut/Air       0%         N/A       100%        7
 Maxwell's Capacitive Co  Air            0%         ∞         100%        8


Dungeon Overview and Level Annotations

Branches:
Dungeon (6/15)
 Temple: D:4-7

Altars:
Dithmenos
Nemelex Xobeh

Shops:
D:3 [


Innate Abilities, Weirdness & Mutations

You have a pair of horns on your head.
You reflexively headbutt those who attack you in melee.


Message History

The stone arrow hits you!
Reach: b) +6 spear of Koacuw {spect, +Blink rElec MP+9}
Press: ? - help, Dir - move target, f/p - gargoyle
Aim: a gargoyle, wielding a +0 flail (lightly damaged, about 19% to evade the +6 spear of Koacuw)
You reach to attack!
You hit the gargoyle.
The gargoyle is lightly damaged.
Your +6 spear of Koacuw {spect, +Blink rElec MP+9} hits the gargoyle but does no damage.
Your skin crawls.
You feel strong-willed. The gargoyle barely misses you.
You are too injured to fight recklessly!
Unknown command.
You hit the gargoyle but do no damage.
You headbutt the gargoyle, but do no damage.
The gargoyle is lightly damaged.
Your +6 spear of Koacuw {spect, +Blink rElec MP+9} hits the gargoyle from afar.
The gargoyle barely misses you. You furiously retaliate!
You headbutt the gargoyle, but do no damage.
You hit the gargoyle but do no damage.
You headbutt the gargoyle, but do no damage.
The gargoyle is moderately damaged.
Your +6 spear of Koacuw {spect, +Blink rElec MP+9} hits the gargoyle from afar.
The gargoyle closely misses you.
You hit the gargoyle but do no damage. Your headbutt misses the gargoyle.
The gargoyle is heavily damaged.
Your +6 spear of Koacuw {spect, +Blink rElec MP+9} hits the gargoyle but does no damage.
You barely miss the gargoyle.
You headbutt the gargoyle, but do no damage.
The gargoyle is heavily damaged.
Your +6 spear of Koacuw {spect, +Blink rElec MP+9} hits the gargoyle from afar.
The gargoyle hurls a stone arrow at you.
The stone arrow hits you!!
* * * LOW HITPOINT WARNING * * *
An orc comes into view. It is wielding a +0 dagger.
You hit the gargoyle but do no damage.
The gargoyle is severely damaged.
Your +6 spear of Koacuw {spect, +Blink rElec MP+9} hits the gargoyle from afar.
The gargoyle hurls a stone arrow at your +6 spear of Koacuw {spect, +Blink rElec MP+9}.
The stone arrow hits you!!
You die...

............##.#
.#####.####.##.#
.# #.# #.##.# .#
#.# ##.##.# .##
.#
#.###.#.#.###...#
.#
#....###......#.#
.#
#####.#.#..##...#
.# #.##..##o#.#
.# #.##.(@...# .#
# ##.##9###
.##########. #.#
... .)).).......
#.# ..#.#
###...###### #.#
... .#
....#...... .?#
.##. #
###..<##### ## ..
.. ##...#### ##
.. ........#


You could see a gargoyle, an orc and a friendly +6 spear of Koacuw {spect,
+Blink rElec MP+9} (summoned).

Vanquished Creatures
  Prince Ribbit (D:6)
  A steam dragon (D:4)
  2 black bears
  An ice beast (D:6)
  A necrophage (D:6)
  An ogre (D:4)
  3 phantoms (D:5)
  2 scorpions (D:5)
  A bullfrog (D:6)
  2 hounds
  3 orc priests
  A gnoll shaman (D:4)
  An iguana (D:6)
  An orc wizard (D:4)
  2 hound skeletons
  2 howler monkey skeletons
  4 gnolls
  6 adders
  4 shadow imps
  An ufetubus (D:4)
  2 worms
  2 dart slugs
  21 orcs
  2 ball pythons
  8 endoplasms
  5 giant cockroaches
  13 goblins
  2 hobgoblins
  8 jackals
  4 kobolds
  3 quokkas
  6 bats
  2 frilled lizards
  4 rats
122 creatures vanquished.

Notes
Turn   | Place    | Note
-------+----------+-------------------------------------------
     0 | D:1      | AbsoluteStateOfPlay the Minotaur Berserker began the quest
                  | for the Orb.
     0 | D:1      | Reached XP level 1. HP: 19/19 MP: 0/0
   462 | D:1      | Reached XP level 2. HP: 27/27 MP: 1/1
   471 | D:1      | Reached skill level 4 in Axes
  1071 | D:2      | Reached ** piety under Trog
  1268 | D:2      | Reached XP level 3. HP: 33/33 MP: 2/2
  1473 | D:2      | Found a faded altar of an unknown god.
  2568 | D:3      | Reached XP level 4. HP: 40/40 MP: 3/3
  2683 | D:3      | Reached skill level 5 in Axes
  2818 | D:3      | Found Gezeke's Armour Shop.
  3403 | D:4      | Noticed a black bear
  3403 | D:4      | Noticed a steam dragon
  3464 | D:4      | Reached XP level 5. HP: 46/47 MP: 4/4
  3486 | D:4      | Noticed an ogre
  3490 | D:4      | Killed an ogre
  3623 | D:4      | Found a sparkling altar of Nemelex Xobeh.
  3634 | D:4      | Reached skill level 6 in Axes
  3634 | D:4      | Reached XP level 6. HP: 47/55 MP: 5/5
  3681 | D:4      | Reached skill level 5 in Fighting
  3899 | D:4      | Killed a steam dragon
  3900 | D:4      | Reached skill level 7 in Axes
  3900 | D:4      | Reached XP level 7. HP: 34/61 MP: 6/6
  4394 | D:5      | Entered Level 5 of the Dungeon
  4398 | D:5      | Reached *** piety under Trog
  4426 | D:5      | Reached skill level 5 in Armour
  4806 | D:5      | Found a shadowy altar of Dithmenos.
  4924 | D:5      | Reached skill level 8 in Axes
  4924 | D:5      | Reached XP level 8. HP: 64/70 MP: 7/7
  5189 | D:5      | Reached skill level 5 in Dodging
  5189 | D:5      | Reached skill level 1 in Evocations
  5576 | D:5      | Identified the +6 spear of Koacuw {spect, +Blink rElec
                  | MP+9}
  5793 | D:6      | Noticed Prince Ribbit
  5808 | D:6      | Killed Prince Ribbit
  5937 | D:6      | Reached skill level 5 in Evocations
  6093 | D:6      | Noticed a gargoyle
  6106 | D:6      | Killed from afar by a gargoyle

Illustrated notes

Levels and vault maps discovered:
D:1:      dpeg_arrival_rooms_b, layout_basic
D:2:      layout_loops_corners, chequers_ecumenical_altar_island
D:3:      layout_basic, serial_shops, nicolae_shop_waterfront
D:4:      kennysheep_the_goblin_king, layout_rooms, overflow_temple_1_default
D:5:      layout_layer_cave, mainiacjoe_overflow_brackets, minmay_diced_spiral
D:6:      layout_loops_ring, minmay_manual_monstrance, uniq_prince_ribbit1,
          uniq_menkaure

Skill      XL: |  1  2  3  4  5  6  7  8 |
---------------+-------------------------+-----
Axes           | 4 5 6 7 8 |  8.1
Fighting       | 4 5 6 |  6.3
Armour         | 3 4 5 |  5.6
Dodging        | 3 4 5 |  5.1
Evocations     | 5 |  5.0
Polearms       | |  0.8

Action                   |  1- 3 |  4- 6 |  7- 9 || total
-------------------------+-------+-------+-------++-------
Melee: Hand axe          |    81 |     9 |       ||    90
       Headbutt          |     6 |    13 |    20 ||    39
       Punch             |     1 |     1 |     2 ||     4
       War axe           |       |    63 |    63 ||   126
       Spear             |       |       |    40 ||    40
Invok: Trog's Hand       |       |     2 |     1 ||     3
       Berserk           |       |     2 |       ||     2
Armor: Animal skin       |    17 |     1 |       ||    18
       Scale mail        |       |    28 |    19 ||    47
       Chain mail        |       |       |     1 ||     1
Dodge: Dodged            |    57 |    52 |    48 ||   157

Table legend: (Time is in decaauts)
 A = Elapsed time spent in this place.
 B = Non-inter-level travel time spent in this place.
 C = Inter-level travel time spent in this place.
 D = Time resting spent in this place.
 E = Time spent auto-exploring this place.
 F = Levels seen in this place.
 G = Mean time per level.
                   A        B        C        D        E       F      G
               +--------+--------+--------+--------+--------+-----+--------+
         Total |   6144 |   5894 |    250 |     16 |   5016 |   6 | 1024.0 |
       Dungeon |   6144 |   5894 |    250 |     16 |   5016 |   6 | 1024.0 |
               +--------+--------+--------+--------+--------+-----+--------+

Top non-repeatable levels by time:
     D:2: 1362 daAuts
     D:5: 1320 daAuts
     D:1: 1063 daAuts
     D:3: 1034 daAuts
     D:4: 972 daAuts
     D:6: 390 daAuts
